AoeStats
← Replay960

Arena

507109030Analyzed
4v4 RM · 17d ago on Sep 16, 2026· 55m 14s· 8 players
Game mode
Random Map
Map size
Large (8 player)
Population
200
Speed
Normal
Resources
Standard
Victory
Conquest
Starting age
Dark Age
Ending age
Imperial Age
RankedLock teamsTeams togetherTeam positionsShared explorationLock speedFull tech treeHidden civsTurbo modeCheats
Victory
Defeat
🇵🇱 Britons · Poland
939
+15
🇨🇳 Persians · China
937
+15
🇦🇷 Khmer · Argentina
876
+17
🇩🇪 Burgundians · Germany
868
+18
🇪🇸 Khmer · Spain
919
-17
🇲🇩 Aztecs · Moldova
908
-16
🇹🇷 Khmer · Türkiye
904
-16
🇮🇹 Byzantines · Italy
899
-16
King Lear
11:05 Feudal Age
16:22 Castle Age
14:44 Double-Bit Axe
14:45 Horse Collar
18:08 Bow Saw
18:03 Gold Mining
20:03 Loom
22:30 Stone Mining
23:47 Wheelbarrow
25:32 Hand Cart
25:33 Heavy Plow
26:59 Gold Shaft Mining
27:54 Stone Shaft Mining
32:35 Imperial Age
32:15 Caravan
34:20 Chemistry
33:32 Forging
33:29 Scale Barding Armor
33:47 Double Crossbow
34:09 Conscription
33:13 Heavy Scorpion
34:50 Capped Ram
37:09 Siege Ram
37:27 Pikeman
40:48 Halberdier
Teutonsn2
0:40 Loom
12:07 Feudal Age
16:44 Castle Age
14:45 Double-Bit Axe
17:13 Wheelbarrow
20:02 Horse Collar
25:34 Pikeman
27:01 Fletching
30:09 Hand Cart
29:39 Town Watch
31:33 Gold Mining
31:41 Stone Mining
32:57 Fortified Wall
32:28 Treadmill Crane
32:57 Squires
37:11 Imperial Age
35:21 Gold Shaft Mining
34:59 Bow Saw
34:51 Heavy Plow
36:43 Squires
36:29 Arson
Replay960
10:52 Feudal Age
13:51 Castle Age
17:03 Double-Bit Axe
23:44 Gold Mining
24:29 Bow Saw
28:13 Husbandry
28:27 Bloodlines
30:55 Bloodlines
30:46 Husbandry
31:38 Forging
31:34 Scale Barding Armor
32:09 Wheelbarrow
31:19 Town Watch
32:18 Gold Shaft Mining
32:59 Ballistics
32:50 Caravan
39:44 Imperial Age
39:48 Iron Casting
39:34 Chain Barding Armor
38:35 Light Cavalry
41:30 Siege Engineers
alexgiaco98
0:26 Loom
11:52 Feudal Age
13:46 Horse Collar
13:52 Double-Bit Axe
15:03 Gold Mining
15:04 Stone Mining
22:30 Castle Age
23:27 Heavy Plow
23:39 Bow Saw
24:13 Gold Shaft Mining
24:15 Stone Shaft Mining
24:48 Husbandry
35:42 Imperial Age
36:31 Heavy Camel Rider
37:07 Capped Ram
38:57 Two-Man Saw
38:30 Crop Rotation
39:42 Chemistry
42:01 Elite Cataphract
43:05 Conscription
45:31 Siege Ram
TheSkriIIer
6:03 Loom
9:11 Double-Bit Axe
9:07 Horse Collar
9:20 Gold Mining
9:21 Stone Mining
13:17 Feudal Age
19:03 Bow Saw
18:53 Heavy Plow
21:13 Castle Age
22:37 Caravan
24:39 Two-Man Saw
24:11 Light Cavalry
24:51 Husbandry
27:25 Gold Shaft Mining
26:53 Cavalier
29:15 Pikeman
30:16 Forging
31:20 Ballistics
30:55 Murder Holes
31:11 Fortified Wall
30:42 Treadmill Crane
32:07 Stone Shaft Mining
33:08 Iron Casting
32:33 Scale Mail Armor
34:05 Burgundian Vineyards
35:21 Crop Rotation
35:48 Wheelbarrow
34:58 Town Watch
36:19 Chain Mail Armor
36:09 Scale Barding Armor
36:22 Squires
37:23 Hand Cart
44:02 Imperial Age
44:10 Fortified Wall
44:42 Chain Barding Armor
44:47 Paladin
45:10 Hussar
47:07 Blast Furnace
47:02 Plate Mail Armor
46:04 Halberdier
Admar
0:31 Loom
13:22 Feudal Age
16:47 Castle Age
15:06 Double-Bit Axe
15:13 Gold Mining
22:38 Fervor
23:30 Husbandry
25:05 Wheelbarrow
24:52 Stone Mining
25:27 Bloodlines
31:47 Imperial Age
29:05 Town Watch
29:36 Hand Cart
30:02 Bow Saw
31:36 Gold Shaft Mining
31:39 Stone Shaft Mining
33:56 Town Patrol
34:31 Double Crossbow
34:52 Conscription
33:53 Elite Ballista Elephant
34:14 Cavalier
36:44 Chemistry
35:58 Fortified Wall
37:28 Siege Engineers
39:50 Hoardings
39:52 Scale Barding Armor
39:57 Forging
39:48 Heavy Scorpion
39:49 Capped Ram
42:16 Siege Ram
44:07 Chain Barding Armor
43:49 Scale Mail Armor
44:25 Iron Casting
44:02 Masonry
43:47 Murder Holes
48:22 Spies/Treason
Oliver
9:10 Feudal Age
9:31 Double-Bit Axe
11:07 Horse Collar
16:33 Castle Age
19:56 Heavy Plow
20:14 Bow Saw
24:05 Wheelbarrow
24:58 Town Watch
25:43 Loom
28:47 Imperial Age
26:25 Gold Mining
26:27 Stone Mining
27:26 Forging
27:22 Scale Barding Armor
27:27 Devotion
28:22 Bloodlines
28:13 Husbandry
29:00 Iron Casting
29:14 Hand Cart
28:31 Cavalier
30:36 Two-Man Saw
30:19 Crop Rotation
31:45 Conscription
31:24 Savar
33:15 Blast Furnace
32:44 Town Patrol
32:50 Caravan
33:51 Chain Barding Armor
35:52 Ballistics
36:10 Gold Shaft Mining
36:12 Stone Shaft Mining
42:18 Chemistry
46:15 Guilds
46:37 Coinage
56:22 Plate Barding Armor
Majfon
12:27 Feudal Age
17:56 Castle Age
16:10 Double-Bit Axe
16:07 Horse Collar
18:50 Wheelbarrow
18:50 Gold Mining
18:52 Stone Mining
19:23 Fletching
19:51 Heavy Plow
20:07 Bow Saw
23:03 Fletching
24:35 Ballistics
24:57 Padded Archer Armor
26:31 Hand Cart
27:20 Leather Archer Armor
31:20 Imperial Age
31:32 Bodkin Arrow
31:39 Murder Holes
32:33 Conscription
32:34 Yeomen
32:08 Pikeman
32:49 Squires
34:04 Chemistry
33:06 Bracer
33:29 Town Watch
34:20 Ring Archer Armor
34:41 Halberdier
39:32 Elite Longbowman
42:18 Scale Mail Armor
42:29 Forging
43:49 Two-Man Saw
44:53 Gold Shaft Mining
48:09 Fortified Wall
48:09 Masonry
49:08 Siege Engineers
53:24 Onager
Connection lost

Rejoining the realm…

Still unreachable

The connection could not be restored.

Session expired

The server has moved on; the page needs a fresh start.